 Dungeon Crawl Stone Soup version 0.17-a0-1753-g75d4604 (webtiles) character file.

380 Grim the Slasher (level 6, -6/39 HPs)
             Began as a High Elf Skald on Sept 2, 2015.
             Was a Follower of the Shining One.
             Mangled by Grim's ghost (13 damage)
             ... on level 5 of the Dungeon.
             The game lasted 00:14:08 (5873 turns).

Grim the Slasher (High Elf Skald)                   Turns: 5873, Time: 00:14:08

Health: -6/39      AC:  4    Str: 11    XL:     6   Next: 46%
Magic:  8/10       EV: 11    Int: 15    God:    the Shining One [*.....]
Gold:   275        SH:  0    Dex: 18    Spells: 1 memorised, 8 levels left

rFire  x . .     SeeInvis .     a - +0 falchion
rCold  + . .     Clarity  .     b - +0 leather armour
rNeg   . . .     SustAt   .     (no shield)
rPois  .         Gourm    .     (no helmet)
rElec  .         Spirit   .     (no cloak)
rCorr  .         Warding  .     (no gloves)
rMut   .         Stasis   .     v - +0 pair of boots
MR     .....                    (no amulet)
Stlth  +.........               (no ring)
                                s - ring of ice

@: infused, glowing, not resistant to hostile enchantments, very unstealthy
A: no striking features
a: Renounce Religion


You were on level 5 of the Dungeon.
You worshipped the Shining One.
The Shining One was aware of your devotion.
You were hungry.

You visited 1 branch of the dungeon, and saw 5 of its levels.

You collected 275 gold pieces.

Inventory:

Hand weapons
 a - a +0 falchion (weapon)
Armour
 b - a +0 leather armour (worn)
 v - a +0 pair of boots (worn)
Jewellery
 s - a ring of ice (left hand)
Scrolls
 f - 2 scrolls of amnesia {unknown}
 g - 3 scrolls of fog {unknown}
 i - a scroll of immolation {unknown}
 l - 7 scrolls of teleportation {unknown}
 m - a scroll of enchant armour {unknown}
 o - 2 scrolls of magic mapping {unknown}
 p - a scroll of fear {unknown}
 q - 2 scrolls of blinking {unknown}
 u - 2 scrolls of noise {unknown}
 B - a scroll of recharging {unknown}
Potions
 e - 3 potions of agility
 h - a potion of cancellation
 k - a potion of heal wounds
 n - a potion of degeneration {unknown}
 r - 2 potions of brilliance
 t - 3 potions of lignification
 z - a potion of resistance
Books
 c - a book of Battle

   Spells                             Type                      Level
   a - Infusion                       Charms                       1
   b - Shroud of Golubria             Charms/Translocation         2
   c - Song of Slaying                Charms                       2
   d - Spectral Weapon                Hexes/Charms                 3
   e - Regeneration                   Charms/Necromancy            3
 w - a book of the Earth

   Spells                             Type                      Level
   a - Leda's Liquefaction            Hexes/Earth                  4
   b - Bolt of Magma                  Conjuration/Fire/Earth       5
   c - Statue Form                    Transmutation/Earth          6
   d - Iron Shot                      Conjuration/Earth            6
   e - Shatter                        Earth                        9
Comestibles
 d - 2 bread rations
 j - 3 meat rations
 x - a slice of pizza
 A - a beef jerky
 C - a royal jelly
 D - a chunk of flesh


   Skills:
 - Level 2.0 Fighting
 * Level 7.2 Long Blades
 - Level 0.8 Armour
 - Level 1.1 Dodging
 - Level 2.4 Spellcasting
 + Level 5.5 Charms


You had 8 spell levels left.
You knew the following spells:

 Your Spells              Type           Power        Failure   Level  Hunger
a - Infusion              Chrm           ###...       2%          1    #......


Dungeon Overview and Level Annotations

Branches:
Dungeon (5/15)
 Temple: D:4-7

Altars:
Fedhas
Okawaru
Zin
The Shining One

Annotations:
D:5 Grim's ghost, experienced HEBe; Prince Ribbit


Message History

You hit Grim's ghost but do no damage. Grim's ghost hits you!
You hit Grim's ghost.
Grim's ghost is lightly damaged.
Grim's ghost hits you.
* * * LOW HITPOINT WARNING * * *
You hit Grim's ghost.
Grim's ghost is lightly damaged.
Grim's ghost hits you!
* * * LOW HITPOINT WARNING * * *
You completely miss Grim's ghost.
Grim's ghost is lightly damaged.
Grim's ghost hits you.
* * * LOW HITPOINT WARNING * * *
You hit Grim's ghost.
Grim's ghost is lightly damaged.
Grim's ghost closely misses you.
You closely miss Grim's ghost.
Grim's ghost is lightly damaged.
Grim's ghost hits you!
You die...

##...#.###.#
#####.# #.#
#.# #.# #.#
#.# #.# #.#
#.# #.#######
#.# #........
############.#
#########
....>.W@.....#
##############


You could see Grim's ghost.

Vanquished Creatures
  An ogre (D:4)
  2 scorpions (D:4)
  3 centaur skeletons (D:4)
  A worker ant (D:4)
  An adder (D:3)
  3 worms (D:2)
  3 giant geckos
  7 orcs
  A ball python (D:2)
  10 bats
  2 giant cockroaches
  4 hobgoblins
  4 jackals (D:3)
  6 kobolds
  3 giant newts
  10 goblins
  2 quokkas
  11 rats
74 creatures vanquished.

Vanquished Creatures (others)
  A toadstool (D:5)
1 creature vanquished.

Grand Total: 75 creatures vanquished

Notes
Turn   | Place    | Note
--------------------------------------------------------------
     0 | D:1      | Grim the High Elf Skald began the quest for the Orb.
     0 | D:1      | Reached XP level 1. HP: 14/14 MP: 4/4
   333 | D:1      | Reached XP level 2. HP: 19/19 MP: 6/6
  1265 | D:2      | Reached skill level 4 in Charms
  1402 | D:2      | Reached XP level 3. HP: 24/24 MP: 7/7
  1652 | D:2      | Found a glowing golden altar of the Shining One.
  1656 | D:2      | Became a worshipper of the Shining One
  1660 | D:2      | Found a glowing silver altar of Zin.
  1663 | D:2      | Found an iron altar of Okawaru.
  2845 | D:3      | Reached XP level 4. HP: 16/29 MP: 8/8
  3573 | D:4      | Reached skill level 5 in Long Blades
  3855 | D:4      | Found a blossoming altar of Fedhas.
  3923 | D:4      | Reached XP level 5. HP: 15/34 MP: 9/9
  4519 | D:4      | Reached skill level 6 in Long Blades
  4519 | D:4      | Reached skill level 5 in Charms
  4725 | D:4      | Acquired the Shining One's first power
  4916 | D:4      | Noticed an ogre
  4925 | D:4      | Killed an ogre
  4925 | D:4      | Reached XP level 6. HP: 2/39 MP: 5/10
  5331 | D:4      | Reached skill level 7 in Long Blades
  5559 | D:5      | Entered Level 5 of the Dungeon
  5673 | D:5      | Noticed Prince Ribbit
  5864 | D:5      | Noticed Grim's ghost (experienced HEBe)
  5873 | D:5      | Mangled by Grim's ghost

Vault maps used:
D:1:      tarquinn_simple_flora_water_d
D:2:      grunt_temple_overflow_diamond
D:4:      kennysheep_mini, serial_forest, infiniplex_forest_lined_room_3,
          infiniplex_forest_lined_3_way, infiniplex_forest_lined_3,
          infiniplex_forest_split, infiniplex_forest_lined_4_way, first_bread
D:5:      lemuel_coloured_pillars_altar, serial_bayou_pond_d,
          lasty_cornered_adventurer, uniq_prince_ribbit1, uniq_eustachio,
          uniq_menkaure

Action                   |  1- 3 |  4- 6 || total
-------------------------+-------+-------++-------
Melee: Falchion          |   177 |   110 ||   287
 Cast: Infusion          |     5 |     6 ||    11
  Use: Scroll            |     6 |     1 ||     7
       Potion            |       |     1 ||     1
 Stab: Sleeping          |       |     2 ||     2
  Eat: Chunk             |     6 |     5 ||    11
       Bread ration      |       |     1 ||     1
